ORI
MISSISSIPPI STATE UNIVERSITY BULLDOGS @ UNIVERSITY OF ALABAMA CRIMSON TIDE
12/24/2049
 
TOP OF THE 1ST
Mississippi State University Bulldogs batting - Pitching for University of Alabama Crimson Tide : RHP Jihei Nomura
Pitching: RHP Jihei Nomura
Batting: RHB Eric Riley 0-0: Ball
1-0: Called Strike
1-1: Ball
2-1: Foul Ball, location: 25F
2-2: Ball
3-2: Ground out 4-3 (Groundball, 4, EV 103.8 MPH)
Batting: RHB Logan Strassburg 0-0: Called Strike
0-1: Ball
1-1: Swinging Strike
1-2: Strikes out swinging
Batting: RHB Benito Gonzales 0-0: Ball
1-0: Called Strike
1-1: Ball
2-1: Foul Ball, location: 5FF
2-2: Foul Ball, location: 2F
2-2: Fly out, F9 (Flyball, 89XD, EV 88.8 MPH)
Top of the 1st over - 0 runs, 0 hits, 0 errors, 0 left on base; Mississippi State University 0 - University of Alabama 0
BOTTOM OF THE 1ST
University of Alabama Crimson Tide batting - Pitching for Mississippi State University Bulldogs : LHP Jon Hoffman
Pitching: LHP Jon Hoffman
Batting: RHB Danny Rosario 0-0: Ball
1-0: Foul Ball, location: 7LMF
1-1: Fly out, F9 (Flyball, 9, EV 78.1 MPH)
Batting: RHB Al Lara 0-0: Foul Ball, location: 25F
0-1: Fly out, F8 (Flyball, 89M, EV 93.8 MPH)
Batting: RHB Justin Gray 0-0: Foul Ball, location: 9LSF, Error on foul ball, E9
0-1: Called Strike
0-2: Strikes out swinging
Bottom of the 1st over - 0 runs, 0 hits, 1 error, 0 left on base; Mississippi State University 0 - University of Alabama 0
TOP OF THE 2ND
Mississippi State University Bulldogs batting - Pitching for University of Alabama Crimson Tide : RHP Jihei Nomura
Batting: SHB Jim Rutherford 0-0: Ground out U3 (Groundball, 3, EV 85.0 MPH)
Batting: RHB Josh Simmons 0-0: Ball
1-0: Swinging Strike
1-1: Called Strike
1-2: Ball
2-2: Strikes out looking
Batting: RHB Karl Lukasiewicz 0-0: Called Strike
0-1: Foul Ball, location: 25F
0-2: Strikes out swinging
Top of the 2nd over - 0 runs, 0 hits, 0 errors, 0 left on base; Mississippi State University 0 - University of Alabama 0
BOTTOM OF THE 2ND
University of Alabama Crimson Tide batting - Pitching for Mississippi State University Bulldogs : LHP Jon Hoffman
Batting: RHB Hughie Withers 0-0: Foul Ball, location: 2F
0-1: Ground out 6-3 (Groundball, 6, EV 100.6 MPH)
Batting: RHB David Sanchez 0-0: Ball
1-0: Foul Ball, location: 3FF
1-1: Ground out 4-3 (Groundball, 4, EV 81.9 MPH)
Batting: LHB Matt Barkley 0-0: Ball
1-0: Foul Ball, location: 2F
1-1: Ball
2-1: Foul Ball, location: 2F
2-2: Fly out, F7 (Flyball, 7, EV 99.4 MPH)
Bottom of the 2nd over - 0 runs, 0 hits, 0 errors, 0 left on base; Mississippi State University 0 - University of Alabama 0
TOP OF THE 3RD
Mississippi State University Bulldogs batting - Pitching for University of Alabama Crimson Tide : RHP Jihei Nomura
Batting: LHB Tom Ploughman 0-0: Ball
1-0: Ground out 3-1 (Groundball, 34, EV 80.0 MPH)
Batting: RHB Jun Qing 0-0: Called Strike
0-1: Ball
1-1: Foul Ball, location: 2F
1-2: Ball
2-2: Foul Ball, location: 2F
2-2: Ball
3-2: Ground out 4-3 (Groundball, 4, EV 81.3 MPH)
Batting: RHB Freddie Kite 0-0: Foul Ball, location: 9LDF
0-1: Ball
1-1: Ball
2-1: Called Strike
2-2: Fly out, F3 (Line Drive, 3L, EV 66.9 MPH)
Top of the 3rd over - 0 runs, 0 hits, 0 errors, 0 left on base; Mississippi State University 0 - University of Alabama 0
BOTTOM OF THE 3RD
University of Alabama Crimson Tide batting - Pitching for Mississippi State University Bulldogs : LHP Jon Hoffman
Batting: RHB Jong-your Lee 0-0: Ball
1-0: Foul Ball, location: 2F
1-1: Fly out, F7 (Line Drive, 78M, EV 88.8 MPH)
Batting: LHB Platon Protopsaltis 0-0: Ball
1-0: Foul Ball, location: 2F
1-1: Ball
2-1: Swinging Strike
2-2: Strikes out swinging
Batting: RHB John Hicken 0-0: Called Strike
0-1: Called Strike
0-2: Ball
1-2: Ball
2-2: Ball
3-2: Strikes out looking
Bottom of the 3rd over - 0 runs, 0 hits, 0 errors, 0 left on base; Mississippi State University 0 - University of Alabama 0
TOP OF THE 4TH
Mississippi State University Bulldogs batting - Pitching for University of Alabama Crimson Tide : RHP Jihei Nomura
Batting: RHB Eric Riley 0-0: Ball
1-0: Foul Ball, location: 2F
1-1: Called Strike
1-2: Ball
2-2: Foul Ball, location: 2F
2-2: Ball
3-2: Fly out, F9 (Flyball, 9D, EV 105.6 MPH)
Batting: RHB Logan Strassburg 0-0: Called Strike
0-1: Swinging Strike
0-2: Ball
1-2: Ball
2-2: Strikes out swinging
Batting: RHB Benito Gonzales 0-0: Ball
1-0: Ground out U3 (Groundball, 3S, EV 88.8 MPH)
Top of the 4th over - 0 runs, 0 hits, 0 errors, 0 left on base; Mississippi State University 0 - University of Alabama 0
BOTTOM OF THE 4TH
University of Alabama Crimson Tide batting - Pitching for Mississippi State University Bulldogs : LHP Jon Hoffman
Batting: RHB Danny Rosario 0-0: Called Strike
0-1: Foul Ball, location: 9LMF
0-2: Ball
1-2: Fly out, F9 (Flyball, 9, EV 85.6 MPH)
Batting: RHB Al Lara 0-0: Called Strike
0-1: Swinging Strike
0-2: Ground out 6-3 (Groundball, 6, EV 76.3 MPH)
Batting: RHB Justin Gray 0-0: SOLO HOME RUN (Flyball, 7D, EV 95.0 MPH), Distance : 356 ft
Batting: RHB Hughie Withers 0-0: Ball
1-0: Called Strike
1-1: Foul Ball, location: 5FF
1-2: Strikes out looking and he ARGUES THE CALL AND IS TOSSED!
Bottom of the 4th over - 1 run, 1 hit, 0 errors, 0 left on base; Mississippi State University 0 - University of Alabama 1
TOP OF THE 5TH
Mississippi State University Bulldogs batting - Pitching for University of Alabama Crimson Tide : RHP Jihei Nomura
Now at 2B: Jong-your Lee
Now in LF: Eric Kilmer
Now in CF: John Hicken
Batting: SHB Jim Rutherford 0-0: Ball
1-0: Ball
2-0: Foul Ball, location: 5SF
2-1: Swinging Strike
2-2: Foul Ball, location: 2F
2-2: Strikes out swinging
Batting: RHB Josh Simmons 0-0: Swinging Strike
0-1: Called Strike
0-2: Ball
1-2: Ball
2-2: Fly out, F6 (Line Drive, 6M, EV 70.0 MPH)
Batting: RHB Karl Lukasiewicz 0-0: Foul Ball, location: 2F
0-1: Ball
1-1: SINGLE (Groundball, 4MD, EV 100.6 MPH)
Batting: LHB Tom Ploughman 0-0: Foul Ball, location: 2F
0-1: SINGLE (Line Drive, 9LM, EV 110.0 MPH)
Karl Lukasiewicz to second
Batting: RHB Jun Qing 0-0: Ground out 4-3 (Groundball, 4, EV 86.9 MPH)
Top of the 5th over - 0 runs, 2 hits, 0 errors, 2 left on base; Mississippi State University 0 - University of Alabama 1
BOTTOM OF THE 5TH
University of Alabama Crimson Tide batting - Pitching for Mississippi State University Bulldogs : LHP Jon Hoffman
Batting: RHB David Sanchez 0-0: Ball
1-0: Ball
2-0: Ground out 6-3 (Groundball, 6, EV 83.1 MPH)
Batting: LHB Matt Barkley 0-0: Ground out 5-3 (Groundball, 5, EV 105.6 MPH)
Batting: RHB Jong-your Lee 0-0: Called Strike
0-1: Ball
1-1: Called Strike
1-2: Ground out U3 (Groundball, 13, EV 80.6 MPH)
Bottom of the 5th over - 0 runs, 0 hits, 0 errors, 0 left on base; Mississippi State University 0 - University of Alabama 1
TOP OF THE 6TH
Mississippi State University Bulldogs batting - Pitching for University of Alabama Crimson Tide : RHP Jihei Nomura
Batting: RHB Freddie Kite 0-0: Ground out 5-3 (Groundball, 56, EV 103.8 MPH)
Batting: RHB Eric Riley 0-0: Swinging Strike
0-1: Called Strike
0-2: Ball
1-2: SINGLE (Line Drive, 3D, EV 103.8 MPH)
Pitching: RHP Cameron Dickens
Batting: RHB Logan Strassburg 0-0: Called Strike
0-1: Swinging Strike
0-2: Ball
1-2: Strikes out looking
Batting: RHB Benito Gonzales 0-0: Ball
1-0: Foul Ball, location: 2F
1-1: Swinging Strike
1-2: Fly out, F8 (Flyball, 8RM, EV 85.6 MPH)
Top of the 6th over - 0 runs, 1 hit, 0 errors, 1 left on base; Mississippi State University 0 - University of Alabama 1
BOTTOM OF THE 6TH
University of Alabama Crimson Tide batting - Pitching for Mississippi State University Bulldogs : LHP Jon Hoffman
Batting: LHB Platon Protopsaltis 0-0: Ball
1-0: Swinging Strike
1-1: Foul Ball, location: 2F
1-2: Strikes out swinging
Batting: RHB John Hicken 0-0: Ball
1-0: Called Strike
1-1: Ball
2-1: Swinging Strike
2-2: Strikes out looking
Batting: RHB Danny Rosario 0-0: Called Strike
0-1: Swinging Strike
0-2: Foul Ball, location: 3FF
0-2: Ball
1-2: Strikes out looking
Bottom of the 6th over - 0 runs, 0 hits, 0 errors, 0 left on base; Mississippi State University 0 - University of Alabama 1
TOP OF THE 7TH
Mississippi State University Bulldogs batting - Pitching for University of Alabama Crimson Tide : RHP Cameron Dickens
Batting: SHB Jim Rutherford 0-0: Called Strike
0-1: Ball
1-1: DOUBLE (Line Drive, 78D, EV 97.5 MPH)
Batting: RHB Josh Simmons 0-0: Foul Ball, location: 2F
0-1: Foul Ball, location: 2RF
0-2: Ball
1-2: Foul Ball, location: 9LSF
1-2: Ground out 2-3 (Groundball, 15S, EV 67.5 MPH)
Batting: RHB Karl Lukasiewicz 0-0: Ball
1-0: Ball
2-0: Foul Ball, location: 2F
2-1: Ball
3-1: Foul Ball, location: 2F
3-2: Base on Balls
Pinch Hitting: RHB Masahito Sunada 0-0: Foul Ball, location: 5F
0-1: Foul Ball, location: 2F
0-2: Ball
1-2: Strikes out looking
Batting: RHB Jun Qing 0-0: Called Strike
0-1: Swinging Strike
0-2: Ball
1-2: Strikes out swinging
Top of the 7th over - 0 runs, 1 hit, 0 errors, 2 left on base; Mississippi State University 0 - University of Alabama 1
BOTTOM OF THE 7TH
University of Alabama Crimson Tide batting - Pitching for Mississippi State University Bulldogs : LHP Jon Hoffman
Now at 1B: Masahito Sunada
Batting: RHB Al Lara 0-0: Called Strike
0-1: SINGLE (Flyball, 5D, EV 93.8 MPH)
Batting: RHB Justin Gray 0-0: Ball
1-0: SINGLE (Groundball, 6MD, EV 101.3 MPH)
Al Lara to second
Batting: RHB Eric Kilmer 0-0: Ball
1-0: Ball
2-0: DOUBLE (Flyball, 8RXD, EV 113.1 MPH)
Al Lara scores
Justin Gray to third
Batting: RHB David Sanchez 0-0: Ball
1-0: Called Strike
1-1: Hit by Pitch
Batting: LHB Matt Barkley 0-0: Foul Ball, location: 2F
0-1: Ball
1-1: Ball
2-1: Swinging Strike
2-2: Strikes out looking
Pitching: RHP Gary Gamble
Batting: RHB Jong-your Lee 0-0: Ball
1-0: Swinging Strike
1-1: Foul Ball, location: 3SF
1-2: Ball
2-2: Strikes out looking
Batting: LHB Platon Protopsaltis 0-0: Swinging Strike
0-1: SINGLE (Line Drive, 9S, EV 95.0 MPH)
Justin Gray scores
Eric Kilmer to third
David Sanchez to second
Throwing error, E9
Eric Kilmer scores
David Sanchez to third
Platon Protopsaltis to second
Batting: RHB John Hicken 0-0: Called Strike
0-1: Called Strike
0-2: Strikes out swinging
Bottom of the 7th over - 3 runs, 4 hits, 1 error, 2 left on base; Mississippi State University 0 - University of Alabama 4
TOP OF THE 8TH
Mississippi State University Bulldogs batting - Pitching for University of Alabama Crimson Tide : RHP Cameron Dickens
Pitching: LHP Ralph Sandhoff
Batting: RHB Freddie Kite 0-0: Called Strike
0-1: Ball
1-1: Called Strike
1-2: Foul Ball, location: 2F
1-2: Ball
2-2: Ball
3-2: Strikes out swinging
Batting: RHB Eric Riley 0-0: Foul Ball, location: 2F
0-1: Ball
1-1: Ball
2-1: Called Strike
2-2: Ground out 5-3 (Groundball, 56, EV 85.6 MPH)
Batting: RHB Logan Strassburg 0-0: Ball
1-0: Swinging Strike
1-1: Ball
2-1: Ball
3-1: SINGLE (Groundball, 3D, EV 95.0 MPH)
Batting: RHB Benito Gonzales 0-0: Called Strike
0-1: Swinging Strike
0-2: Ball
1-2: Strikes out swinging
Top of the 8th over - 0 runs, 1 hit, 0 errors, 1 left on base; Mississippi State University 0 - University of Alabama 4
BOTTOM OF THE 8TH
University of Alabama Crimson Tide batting - Pitching for Mississippi State University Bulldogs : RHP Gary Gamble
Batting: RHB Danny Rosario 0-0: Ball
1-0: Fly out, F4 (Line Drive, 34, EV 70.6 MPH)
Batting: RHB Al Lara 0-0: Called Strike
0-1: Ball
1-1: Ball
2-1: Called Strike
2-2: Strikes out swinging
Batting: RHB Justin Gray 0-0: Ground out 6-3 (Groundball, 6D, EV 108.8 MPH)
Bottom of the 8th over - 0 runs, 0 hits, 0 errors, 0 left on base; Mississippi State University 0 - University of Alabama 4
TOP OF THE 9TH
Mississippi State University Bulldogs batting - Pitching for University of Alabama Crimson Tide : LHP Ralph Sandhoff
Pitching: RHP Luiz Schantz
Pinch Hitting: RHB Oscar Vargas 0-0: Ball
1-0: Called Strike
1-1: Swinging Strike
1-2: Foul Ball, location: 9LMF
1-2: Ball
2-2: Strikes out looking
Batting: RHB Josh Simmons 0-0: Ball
1-0: Called Strike
1-1: Foul Ball, location: 9LDF
1-2: Ground out U3 (Groundball, 13, EV 81.3 MPH)
Batting: RHB Karl Lukasiewicz 0-0: Called Strike
0-1: Ball
1-1: Foul Ball, location: 25F
1-2: Foul Ball, location: 9LSF
1-2: Foul Ball, location: 7LMFF
1-2: Fly out, F7 (Flyball, 7LSF, EV 91.9 MPH)
Top of the 9th over - 0 runs, 0 hits, 0 errors, 0 left on base; Mississippi State University 0 - University of Alabama 4
Sunday, July 16th , 2023 - OOTP Baseball 24.6 Build 69